 Dungeon Crawl Stone Soup version 0.22-a0-533-g4d20840 (webtiles) character file.

7312 Amnesiac the Thrower (level 10, -9/49 HPs)
             Began as a Spriggan Berserker on June 22, 2018.
             Was a High Priest of Trog.
             Mangled by an orc warrior
             ... wielding a +0 scimitar
              (22 damage)
             ... on level 10 of the Dungeon.
             The game lasted 00:21:14 (10817 turns).

Amnesiac the Thrower (Spriggan Berserker)          Turns: 10817, Time: 00:21:14

Health: -9/49      AC:  6    Str: 16    XL:     10   Next: 90%
Magic:  12/12      EV: 25    Int:  8    God:    Trog [*****.]
Gold:   505        SH:  0    Dex: 17    Spells: 9/9 levels left

rFire    . . .     SeeInvis +   b - +1 hunting sling (flame)
rCold    . . .     Gourm    .   (shield restricted)
rNeg     . . .     Faith    .   u - +2 robe {Archmagi}
rPois    .         Spirit   .   (helmet restricted)
rElec    .         Reflect  .   (no cloak)
rCorr    .         Harm     .   (gloves unavailable)
MR       +....                  (boots unavailable)
Stlth    ++........             j - amulet of regeneration
HPRegen  0.56/turn              q - +2 ring of protection
MPRegen  0.13/turn              v - +5 ring of evasion

@: very quick
A: very small, unfitting armour, see invisible, herbivore, speed 3, slow
metabolism 2
a: Berserk, Trog's Hand, Brothers in Arms, Renounce Religion


You were on level 10 of the Dungeon.
You worshipped Trog.
Trog was extremely pleased with you.
You were not hungry.

You visited 2 branches of the dungeon, and saw 11 of its levels.
You also visited: Sewer and Ossuary.

You collected 505 gold pieces.

Inventory:

Hand Weapons
 a - a +0 dagger of electrocution
 b - a +1 hunting sling of flaming (weapon)
 L - a +0 dagger of venom
Missiles
 e - 175 stones (quivered)
 k - 47 poisoned needles
 r - a throwing net
 s - 111 sling bullets
 C - 5 tomahawks
 H - 3 needles of sleeping
Armour
 u - a +2 robe of the Archmagi (worn)
Jewellery
 j - an amulet of regeneration (around neck)
 q - a +2 ring of protection (left hand)
 v - a +5 ring of evasion (right hand)
 D - an uncursed amulet of guardian spirit
Wands
 n - a wand of enslavement (39)
 x - a wand of polymorph (12)
 B - a wand of digging (6)
 F - a wand of acid (7)
 I - a wand of clouds (4)
 J - a wand of iceblast (12)
Scrolls
 f - a scroll of fear {!r}
 g - 3 scrolls of remove curse {!r}
 h - a scroll of enchant weapon {!r}
 t - 4 scrolls of fog {!r}
 y - a scroll of random uselessness {!r, unknown}
 z - 5 scrolls of teleportation {!r, unknown}
 A - 6 scrolls of identify {!r}
 G - a scroll of brand weapon {!r, unknown}
 K - a scroll of blinking {!r, unknown}
Potions
 d - 2 potions of might {!q}
 i - 2 potions of agility {!q}
 l - 11 potions of curing {!q}
 m - 2 potions of mutation {!q}
 o - 4 potions of haste {!q}
 p - 2 potions of heal wounds {!q}
 w - 4 potions of flight {!q}
 E - a potion of degeneration {!q, unknown}
Comestibles
 c - 15 rations


   Skills:
 - Level 3.0 Fighting
 - Level 4.0 Short Blades
 - Level 10.1(14.0) Slings
 - Level 13.4(14.2) Throwing
 - Level 5.0 Dodging
 + Level 2.2 Evocations


You had 9 spell levels left.
You didn't know any spells.
Your spell library contained the following spells:

 Spells                   Type           Power        Failure   Level  Hunger
 Confuse                  Hex            #.......     78%         3    ####...
 Mephitic Cloud           Conj/Pois/Air  #.......     78%         3    ####...
 Venom Bolt               Conj/Pois      #.........   100%        5    ######.
 Olgreb's Toxic Radiance  Pois           #.......     99%         4    #####..
 Summon Small Mammal      Summ           #...         41%         1    ##.....
 Summon Ice Beast         Ice/Summ       #.......     99%         4    #####..
 Call Imp                 Summ           #.......     54%         2    ###....
 Sting                    Conj/Pois      #...         41%         1    ##.....
 Spider Form              Tmut/Pois      #.........   78%         3    ####...
 Blade Hands              Tmut           #.........   100%        5    ######.
 Ice Form                 Ice/Tmut       #.......     99%         4    #####..
 Confusing Touch          Hex            #.....       41%         1    ##.....
 Sticks to Snakes         Tmut           #.......     54%         2    ###....
 Call Canine Familiar     Summ           #.......     78%         3    ####...
 Metabolic Englaciation   Hex/Ice        #.........   100%        5    ######.
 Petrify                  Tmut/Erth      #.......     99%         4    #####..
 Beastly Appendage        Tmut           #.....       41%         1    ##.....
 Summon Lightning Spire   Summ/Air       #.......     99%         4    #####..
 Summon Guardian Golem    Hex/Summ       #.......     78%         3    ####...
 Gell's Gravitas          Tloc           #.........   78%         3    ####...
 Yara's Violent Unravell  Hex/Tmut       #.........   100%        5    ######.
 Poisonous Vapours        Pois/Air       #.....       54%         2    ###....


Dungeon Overview and Level Annotations

Branches:
Dungeon (10/15)            Temple (1/1) D:6             Orc (0/2) D:10
   Lair: D:8-11

Altars:
Ashenzari
Cheibriados
Dithmenos
Elyvilon
Fedhas
Gozag
Hepliaklqana
Kikubaaqudgha
Makhleb
Nemelex Xobeh
Okawaru
Qazlal
Ru
Sif Muna
Trog
Uskayaw
Vehumet
Wu Jian
Xom
Yredelemnul
Zin
The Shining One
Beogh


Innate Abilities, Weirdness & Mutations

You are very small and have problems with some larger weapons.
You are too small for most types of armour.
You have supernaturally acute eyesight. (SInv)
You are a herbivore.
You cover ground extremely quickly.
You need to consume almost no food.


Message History

Firing (i - inventory. (/) - cycle)
e - 185 stones (quivered)
Press: ? - help, Shift-Dir - straight line, f/p - orc warrior
Aim: an orc warrior, wielding a scimitar and wearing a plate armour (heavily wounded)
You shoot a stone.
The stone hits the orc warrior but does no damage.
The orc warrior is heavily wounded.
Firing (i - inventory. (/) - cycle)
e - 184 stones (quivered)
Press: ? - help, Shift-Dir - straight line, f/p - orc warrior
Aim: an orc warrior, wielding a scimitar and wearing a plate armour (heavily wounded)
You shoot a stone.
The stone hits the orc warrior but does no damage.
The orc warrior is heavily wounded.
Firing (i - inventory. (/) - cycle)
e - 183 stones (quivered)
Press: ? - help, Shift-Dir - straight line, f/p - orc warrior
Aim: an orc warrior, wielding a scimitar and wearing a plate armour (heavily wounded)
You shoot a stone.
The stone barely misses the orc warrior.
An orc warrior is nearby!
An orc warrior is nearby!
Firing (i - inventory. (/) - cycle)
e - 182 stones (quivered)
Press: ? - help, Shift-Dir - straight line, f/p - orc warrior
Aim: an orc warrior, wielding a scimitar and wearing a plate armour (heavily wounded)
You shoot a stone. The stone hits the orc warrior.
The stone burns the orc warrior.
The orc warrior is severely wounded.
The orc warrior hits you with a scimitar!!
Firing (i - inventory. (/) - cycle)
e - 181 stones (quivered)
Press: ? - help, Shift-Dir - straight line, f/p - orc warrior
Aim: an orc warrior, wielding a scimitar and wearing a plate armour (severely wounded)
You shoot a stone.
The stone barely misses the orc warrior.
Firing (i - inventory. (/) - cycle)
e - 180 stones (quivered)
Press: ? - help, Shift-Dir - straight line, f/p - orc warrior
Aim: an orc warrior, wielding a scimitar and wearing a plate armour (severely wounded)
You shoot a stone.
The stone barely misses the orc warrior.
The orc warrior hits you with a scimitar!!
* * * LOW HITPOINT WARNING * * *
You are too injured to fight recklessly!
Firing (i - inventory. (/) - cycle)
e - 179 stones (quivered)
Press: ? - help, Shift-Dir - straight line, f/p - orc warrior
Aim: an orc warrior, wielding a scimitar and wearing a plate armour (severely wounded)
You shoot a stone.
The stone closely misses the orc warrior.
Firing (i - inventory. (/) - cycle)
e - 178 stones (quivered)
Press: ? - help, Shift-Dir - straight line, f/p - orc warrior
Aim: an orc warrior, wielding a scimitar and wearing a plate armour (severely wounded)
You shoot a stone.
The stone hits the orc warrior but does no damage.
The orc warrior is severely wounded.
Firing (i - inventory. (/) - cycle)
e - 177 stones (quivered)
Press: ? - help, Shift-Dir - straight line, f/p - orc warrior
Aim: an orc warrior, wielding a scimitar and wearing a plate armour (severely wounded)
You shoot a stone.
The stone hits the orc warrior but does no damage.
The orc warrior is severely wounded.
Firing (i - inventory. (/) - cycle)
e - 176 stones (quivered)
Press: ? - help, Shift-Dir - straight line, f/p - orc warrior
Aim: an orc warrior, wielding a scimitar and wearing a plate armour (heavily wounded)
You shoot a stone.
The stone hits the orc warrior but does no damage.
The orc warrior is heavily wounded.
The orc warrior hits you with a scimitar!!
You die...

####### .......
###############.......
#........##.((.....(..
#......".##o###(......
#.........@.# (......
#........#### .(.....
#........# ..(....
#........# ..(.... .<.
####.##### ....... ...
##.# ...((.( ... #..#
#.# ##'####### #<#
#.......[###### #.#


You could see an orc warrior.

Vanquished Creatures
  A two-headed ogre (D:10)
  An ugly thing (D:10)
  A troll (D:9)
  Prince Ribbit (D:7)
  2 hornets (D:8)
  A hippogriff (D:8)
  Sigmund (D:6)
  3 wraiths (D:7)
  A hungry ghost (D:10)
  A water moccasin (D:9)
  2 soldier ants
  6 orc warriors
  A sky beast (D:8)
  4 ogres
  A black bear (D:9)
  An ice beast (D:5)
  A necrophage (D:7)
  A phantom (D:4)
  5 centaurs
  A big kobold (Sewer)
  A bullfrog (D:7)
  A wyvern skeleton (D:8)
  A scorpion (D:6)
  2 howler monkeys
  5 wights (D:10)
  3 crimson imps
  3 centaur zombies
  6 lava snakes (Temple)
  6 human zombies
  2 hounds
  7 orc priests
  A bullfrog skeleton (D:10)
  A jelly (D:7)
  A centaur skeleton (D:4)
  9 orc wizards
  3 iguanas
  A human skeleton (D:7)
  5 worker ants
  A big kobold zombie (Ossuary)
  An ogre zombie (D:7)
  2 hound zombies
  2 hound skeletons (D:5)
  5 mummies
  Robin (D:3)
  3 gnolls (D:3)
  14 adders
  3 river rats
  2 shadow imps (D:9)
  An ooze (D:3)
  2 adder zombies (Ossuary)
  2 adder skeletons
  5 worms
  3 dart slugs
  4 leopard geckos
  27 orcs
  8 bats
  5 giant cockroaches
  13 goblins
  8 hobgoblins
  15 jackals
  5 quokkas
  A ball python (D:3)
  3 frilled lizards
  3 goblin zombies
  9 hobgoblin zombies (Ossuary)
  2 jackal zombies
  7 kobolds
  10 kobold zombies (Ossuary)
  2 leopard gecko skeletons
  8 orc zombies (Ossuary)
  A quokka zombie (D:7)
  9 rats
  A rat zombie (Ossuary)
282 creatures vanquished.

Notes
Turn   | Place    | Note
-------+----------+-------------------------------------------
     0 | D:1      | Amnesiac the Spriggan Berserker began the quest for the Orb.
     0 | D:1      | Reached XP level 1. HP: 11/11 MP: 2/2
   156 | D:1      | Reached XP level 2. HP: 10/16 MP: 3/3
   685 | D:1      | Reached skill level 5 in Dodging
   895 | D:2      | Reached XP level 3. HP: 14/19 MP: 4/4
  1001 | D:2      | Found an opulent altar of Gozag.
  1075 | D:2      | Found an ornate altar of the Wu Jian Council.
  1156 | D:2      | Reached ** piety under Trog
  1284 | D:2      | Found a hide-covered altar of Uskayaw.
  1286 | D:2      | Found an iron altar of Okawaru.
  1298 | D:2      | Reached skill level 1 in Slings
  1626 | D:3      | Reached XP level 4. HP: 22/24 MP: 5/5
  1639 | D:3      | Noticed Robin
  1684 | D:3      | Killed Robin
  2003 | D:3      | Reached XP level 5. HP: 22/28 MP: 6/6
  2145 | D:3      | Reached *** piety under Trog
  2374 | D:3      | Found a deep blue altar of Sif Muna.
  2389 | D:3      | Reached skill level 5 in Slings
  2759 | D:4      | Reached XP level 6. HP: 32/32 MP: 7/7
  3185 | D:4      | Received a gift from Trog
  3302 | D:4      | Reached XP level 7. HP: 36/36 MP: 8/8
  3528 | D:5      | Entered Level 5 of the Dungeon
  3618 | D:5      | Reached skill level 2 in Throwing
  3710 | D:5      | Found a basalt altar of Yredelemnul.
  3740 | D:5      | Reached skill level 3 in Throwing
  3997 | D:5      | Reached skill level 4 in Throwing
  4008 | D:5      | Found a glowing drain.
  4015 | Sewer    | Entered a sewer
  4085 | Sewer    | Reached **** piety under Trog
  4125 | Sewer    | Found a white marble altar of Elyvilon.
  4446 | D:5      | Reached skill level 5 in Throwing
  4446 | D:5      | Reached XP level 8. HP: 40/40 MP: 9/9
  4562 | D:6      | Noticed Sigmund
  4582 | D:6      | Killed Sigmund
  4582 | D:6      | Reached skill level 6 in Throwing
  4625 | D:6      | Found a sparkling altar of Nemelex Xobeh.
  4812 | D:6      | Found a shattered altar of Ashenzari.
  4980 | D:6      | Found a staircase to the Ecumenical Temple.
  5027 | D:6      | Found a snail-covered altar of Cheibriados.
  5287 | Temple   | Entered the Ecumenical Temple
  5424 | D:7      | Reached skill level 7 in Throwing
  5436 | D:7      | Received a gift from Trog
  5657 | D:7      | Reached skill level 8 in Throwing
  5846 | D:7      | Found a sand-covered staircase.
  5870 | Ossuary  | Entered an ossuary
  6066 | Ossuary  | Reached XP level 9. HP: 43/44 MP: 10/10
  6079 | Ossuary  | Reached ***** piety under Trog
  6079 | Ossuary  | Received a gift from Trog
  6386 | D:7      | Found a burning altar of Makhleb.
  6491 | D:7      | Reached skill level 9 in Throwing
  6823 | D:7      | Found an ancient bone altar of Kikubaaqudgha.
  7107 | D:7      | Reached skill level 10 in Throwing
  7498 | D:7      | Noticed Prince Ribbit
  7508 | D:7      | Killed Prince Ribbit
  7691 | D:8      | Reached skill level 11 in Throwing
  7774 | D:8      | Reached XP level 10. HP: 49/49 MP: 11/11
  8399 | D:9      | Reached skill level 12 in Throwing
  8443 | D:9      | Received a gift from Trog
  8600 | D:9      | Noticed an angel
  8605 | D:9      | Found a shimmering altar of Xom.
  8605 | D:9      | Found a glowing silver altar of Zin.
  9686 | D:10     | Entered Level 10 of the Dungeon
  9860 | D:10     | Reached skill level 10 in Slings
 10148 | D:10     | Noticed a two-headed ogre
 10194 | D:10     | Noticed a brown ugly thing
 10304 | D:10     | Killed a brown ugly thing
 10307 | D:10     | Killed a two-headed ogre
 10307 | D:10     | Reached skill level 13 in Throwing
 10479 | D:10     | Received a gift from Trog
 10501 | D:10     | Reached skill level 1 in Evocations
 10506 | D:10     | Found a staircase to the Orcish Mines.
 10553 | D:10     | Found a roughly hewn altar of Beogh.
 10817 | D:10     | Mangled by an orc warrior

Vault maps used:
D:1:      lemuel_arrival_river_ford, minmay_misc_feat_secret_circle,
          nrook_uturn, minmay_misc_feat_ornament, minmay_tromino_i4
D:2:      overflow_temple_1_default, overflow_temple_1_default,
          nicolae_overflow_hidden_temple, first_ration
D:3:      led_sif_book, uniq_robin
D:5:      lemuel_doored_altar, lightli_sewer_entry_pipes, minivault_24
D:6:      marbit_many_paths, nemelex_altar_shiori, temple_hall,
          chei_slow_surprise, uniq_sigmund
D:7:      lemuel_mausoleum_altar_kikubaaqudgha, makhleb_heckhound_becter,
          enter_ossuary_4, uniq_prince_ribbit1
D:8:      hangedman_pestilent_swarm
D:9:      grunt_temple_overflow_order_and_chaos_1
D:10:     minmay_orc_entry_temple_small
Temple:   compressed_dpeg_circular_temple
Sewer:    sewer_kobolds
Ossuary:  ossuary_tomb_1

Skill      XL: |  1  2  3  4  5  6  7  8  9 10 |
---------------+-------------------------------+-----
Dodging        | 5 |  5.0
Fighting       | 3 |  3.0
Short Blades   | 4 |  4.0
Slings         | 2 4 5 7 8 9 10 | 10.1
Throwing       | 5 8 11 13 | 13.4
Evocations     | 2 |  2.2

Action                   |  1- 3 |  4- 6 |  7- 9 | 10-12 || total
-------------------------+-------+-------+-------+-------++-------
Melee: Short sword       |    98 |       |       |       ||    98
       Dagger            |       |       |    37 |    59 ||    96
 Fire: Hunting sling     |    40 |   186 |   637 |   382 ||  1245
Evoke: Wand              |       |       |       |     1 ||     1
  Use: Scroll            |       |     8 |     7 |       ||    15
 Stab: Sleeping          |     1 |       |       |       ||     1
  Eat: Ration            |       |       |     3 |       ||     3
Armor: Animal skin       |     7 |     4 |     6 |       ||    17
       Robe              |       |       |     8 |     7 ||    15
Dodge: Dodged            |   130 |    44 |   153 |   107 ||   434

Table legend:
 A = Spawn XP
 B = Non-spawn XP
 C = Spawn XP percentage of total XP
 D = Spawn monster count
 E = Non-spawn monster count
 F = Spawn count percentage of total count
 G = Total turns spent on level
                    A         B        C        D         E        F      G
               +---------+---------+-------+---------+---------+-------+---------
         Total |       0 |   10446 |   0.0 |       0 |     282 |   0.0 | 10817
               +---------+---------+-------+---------+---------+-------+---------
           D:1 |       0 |      31 |   0.0 |       0 |      16 |   0.0 |   799
           D:2 |       0 |      47 |   0.0 |       0 |      12 |   0.0 |   755
           D:3 |       0 |     248 |   0.0 |       0 |      42 |   0.0 |  1123
           D:4 |       0 |     420 |   0.0 |       0 |      15 |   0.0 |   890
           D:5 |       0 |     631 |   0.0 |       0 |      28 |   0.0 |   760
           D:6 |       0 |     492 |   0.0 |       0 |       7 |   0.0 |   930
           D:7 |       0 |    2486 |   0.0 |       0 |      48 |   0.0 |  1877
           D:8 |       0 |    1495 |   0.0 |       0 |      18 |   0.0 |   738
           D:9 |       0 |     775 |   0.0 |       0 |      11 |   0.0 |   862
          D:10 |       0 |    3172 |   0.0 |       0 |      32 |   0.0 |  1131
        Temple |       0 |     284 |   0.0 |       0 |       6 |   0.0 |   403
         Sewer |       0 |     122 |   0.0 |       0 |       8 |   0.0 |   154
       Ossuary |       0 |     243 |   0.0 |       0 |      39 |   0.0 |   395
               +---------+---------+-------+---------+---------+-------+---------
